 Dungeon Crawl Stone Soup version 0.21.0-34-g9234887 (webtiles) character file.

8763 troglodite the Fighter (level 11, -14/142 HPs)
             Began as a Demonspawn Berserker on Jan 28, 2018.
             Was a High Priest of Trog.
             Demolished by a large abomination (26 damage)
             ... on level 1 of the Abyss on Jan 29, 2018.
             The game lasted 00:48:13 (11707 turns).

troglodite the Fighter (Demonspawn Berserker)      Turns: 11707, Time: 00:48:14

Health: -14/142    AC: 12    Str: 23    XL:     11   Next: 14%
Magic:  11/11      EV: 14    Int:  9    God:    Trog [*****.]
Gold:   323        SH:  0    Dex: 15    Spells: 10/10 levels left

rFire    . . .     SeeInvis +   F - +2 falchion (flame)
rCold    . . .     Gourm    .   (no shield)
rNeg     . . .     Faith    .   i - +0 troll leather armour {Purgy}
rPois    .         Spirit   .   (helmet unavailable)
rElec    .         Reflect  .   (no cloak)
rCorr    +         Harm     .   x - +2 pair of gloves
MR       .....                  k - +2 pair of boots
Stlth    ..........             (no amulet)
HPRegen  0.73/turn              a - ring of resist corrosion
MPRegen  0.12/turn              p - ring of stealth

@: mighty, berserking, very quick
A: antennae 3, claws 1, talons 1, demonic guardian 2, powered by pain 1
a: Berserk, Trog's Hand, Brothers in Arms, Burn Spellbooks, Renounce Religion


You were on level 1 of the Abyss.
You worshipped Trog.
Trog was extremely pleased with you.
You were near starving.

You visited 1 branch of the dungeon, and saw 9 of its levels.
You visited the Abyss 1 time.
You also visited: Sewer.

You collected 611 gold pieces.
You spent 288 gold pieces at shops.

Inventory:

Hand Weapons
 y - the +7 hunting sling "Imp's Undoing" {flame, Str+2}
   (You bought it in a shop on level 7 of the Dungeon)

   It causes projectiles fired from it to burn those they strike, causing extra
   injury to most foes and up to half again as much damage against particularly
   susceptible opponents.
   It affects your strength (+2).
 F - a +2 falchion of flaming (weapon)
Missiles
 z - 189 stones (quivered)
Armour
 i - a +0 troll leather armour (worn) {Purgy}
 k - a +2 pair of boots (worn)
 x - a +2 pair of gloves (worn)
Jewellery
 a - a ring of resist corrosion (left hand)
 p - a ring of stealth (right hand)
Wands
 q - a wand of enslavement (6)
 B - a wand of acid (6)
Scrolls
 b - 6 scrolls of teleportation
 f - a scroll of silence {unknown}
 l - a scroll of blinking {unknown}
 n - 4 scrolls of remove curse
 o - a scroll of enchant weapon {unknown}
 u - 2 scrolls of fog {unknown}
 v - 2 scrolls of random uselessness {unknown}
 E - a scroll of identify
Potions
 d - 3 potions of lignification
 e - a potion of heal wounds
 g - 4 potions of magic
 h - 2 potions of berserk rage
 j - a potion of ambrosia {unknown}
 m - 7 potions of curing
 r - 4 potions of haste
 s - a potion of brilliance {unknown}
 t - 4 potions of might
 w - 3 potions of flight
 A - 2 potions of resistance {unknown}
Comestibles
 c - 20 rations


   Skills:
 * Level 12.1 Fighting
 - Level 2.8 Long Blades
 + Level 5.1 Slings
 * Level 9.5 Armour
 * Level 4.7 Dodging


You had 10 spell levels left.
You didn't know any spells.

Dungeon Overview and Level Annotations

Branches:
Dungeon (9/15)             Temple (0/1) D:5            Lair (0/6) D:8
    Orc: D:9-12

Altars:
Ashenzari
Kikubaaqudgha
Okawaru
Ru
Trog
Wu Jian
Yredelemnul

Shops:
D:5 [   D:6 !   D:7 (

Annotations:
D:9 Erolcha


Innate Abilities, Weirdness & Mutations

You have a pair of large antennae on your head. (SInv)
You have sharp fingernails.
You have sharp toenails.
A demonic guardian rushes to your aid.
You sometimes gain a little power by taking damage.


Message History

You closely miss the raiju.
The raiju is severely wounded.
Your soul eater hits the raiju!!
The raiju dies!
Trog accepts your kill. The orange demon barely misses you.
The large abomination closely misses you.
You see here a raiju corpse.
You hit the large abomination. You burn the large abomination.
The large abomination is lightly damaged.
The orange demon stings you from afar.
* * * LOW HITPOINT WARNING * * *
The large abomination hits you!!
* * * LOW HITPOINT WARNING * * *
You slash the large abomination! You burn the large abomination.
The large abomination is moderately damaged.
You hit the large abomination. You burn the large abomination.
The large abomination is heavily damaged.
The large abomination hits you!!
You die...

##. # .#
#..#.# .
#..#.####
.#.#.#..#
#.#.#. ## {
#.#.###
#.#..#
#.#.##
#@3.#
#.4X#.##
#....#.#..#
#.##
....#..
#.#..##.#
###... ..#
# .. ##
##.#


You could see an orange demon, a large abomination and a friendly soul eater.

Vanquished Creatures
  A blizzard demon (Abyss:1)
  A hydra (D:8)
  The ghost of Feta the Digger, a novice DgEE (D:9)
  The ghost of piemaster the Chopper, an amateur MiBe of Trog (D:4)
  A troll (D:8)
  Grinder (D:5)
  2 dream sheep (D:8)
  Prince Ribbit (D:6)
  A hippogriff (D:8)
  A flying skull (Abyss:1)
  2 yaks (D:8)
  A wyvern (D:8)
  A chaos spawn (Abyss:1)
  Edmund (D:6)
  A large abomination (Abyss:1)
  3 sky beasts
  A black bear (D:9)
  5 phantoms
  An ice beast (D:5)
  2 ogres
  3 centaurs (D:7)
  4 big kobolds (D:8)
  4 bullfrogs
  A wyvern zombie (D:6)
  A wyvern skeleton (D:7)
  3 scorpions
  3 wights (D:7)
  4 howler monkeys
  A centaur zombie (D:5)
  2 bullfrog zombies
  A crimson imp (D:7)
  2 centaur skeletons
  2 orc priests (D:8)
  6 hounds
  5 orc wizards
  A bullfrog skeleton (D:6)
  2 iguanas
  9 worker ants
  3 hound zombies
  A worker ant zombie (D:5)
  14 gnolls
  9 adders
  3 shadow imps (D:8)
  2 oozes
  6 worms
  3 dart slugs
  6 leopard geckos
  21 orcs
  2 giant cockroaches
  8 goblins
  10 hobgoblins
  8 jackals
  10 kobolds
  5 quokkas
  16 bats
  7 frilled lizards
  A jackal zombie (D:8)
  A quokka skeleton (D:7)
  13 rats
  5 plants (D:3)
237 creatures vanquished.

Vanquished Creatures (collateral kills)
  A tentacled starspawn (Abyss:1)
  A troll (D:8)
  A raiju (Abyss:1)
  A small abomination (Abyss:1)
  Purgy (Sewer)
  A jelly (D:4)
  A gnoll (D:2)
  3 orcs
  A quokka zombie (D:6)
11 creatures vanquished.

Vanquished Creatures (others)
  A wizard (D:4)
  4 starspawn tentacles (Abyss:1)
5 creatures vanquished.

Grand Total: 253 creatures vanquished

Notes
Turn   | Place    | Note
-------+----------+-------------------------------------------
     0 | D:1      | troglodite the Demonspawn Berserker began the quest for the Orb.
     0 | D:1      | Reached XP level 1. HP: 18/18 MP: 1/1
    53 | D:1      | Gained mutation: A weak demonic guardian rushes to your aid. [demonic ancestry]
    53 | D:1      | Reached XP level 2. HP: 8/24 MP: 2/2
   819 | D:1      | Gained mutation: You have a pair of small antennae on your head. [demonic ancestry]
   819 | D:1      | Reached XP level 3. HP: 30/30 MP: 3/3
  1155 | D:2      | Reached ** piety under Trog
  1189 | D:2      | Reached skill level 4 in Fighting
  1612 | D:2      | Gained mutation: You have a pair of antennae on your head. [demonic ancestry]
  1612 | D:2      | Reached XP level 4. HP: 24/37 MP: 4/4
  1797 | D:2      | Found an ancient bone altar of Kikubaaqudgha.
  2735 | D:3      | Found a glowing drain.
  2852 | Sewer    | Entered a sewer
  2924 | Sewer    | Noticed Purgy
  2930 | Sewer    | Killed Purgy
  2930 | Sewer    | Gained mutation: You have sharp toenails. [demonic ancestry]
  2930 | Sewer    | Reached XP level 5. HP: 43/43 MP: 5/5
  3223 | D:3      | Reached skill level 5 in Fighting
  3473 | D:3      | Reached *** piety under Trog
  3473 | D:3      | Gained mutation: You have a pair of large antennae on your head. (SInv) [demonic ancestry]
  3473 | D:3      | Reached XP level 6. HP: 40/51 MP: 6/6
  3555 | D:3      | Found a basalt altar of Yredelemnul.
  4336 | D:4      | Noticed piemaster's ghost (amateur MiBe)
  4349 | D:4      | Killed piemaster's ghost
  4349 | D:4      | Reached skill level 5 in Armour
  4349 | D:4      | Gained mutation: You have sharp fingernails. [demonic ancestry]
  4349 | D:4      | Reached XP level 7. HP: 40/57 MP: 7/7
  4594 | D:4      | Found an ornate altar of the Wu Jian Council.
  4643 | D:4      | Reached skill level 6 in Fighting
  5320 | D:4      | Found a bloodstained altar of Trog.
  5596 | D:4      | Noticed a wizard
  5599 | D:4      | Killed a wizard
  5719 | D:5      | Entered Level 5 of the Dungeon
  5724 | D:5      | Found Ymeaman's Armour Shop.
  5756 | D:5      | Found a staircase to the Ecumenical Temple.
  5843 | D:5      | Found an iron altar of Okawaru.
  5849 | D:5      | Noticed Grinder
  5858 | D:5      | Killed Grinder
  5858 | D:5      | Reached XP level 8. HP: 65/65 MP: 8/8
  6091 | D:5      | Reached skill level 7 in Fighting
  6858 | D:5      | Found a shattered altar of Ashenzari.
  7064 | D:6      | Found Wunaudiw's Distillery.
  7069 | D:6      | Upgraded the game from 0.21.0-30-g47ce8e4 to 0.21.0-34-g9234887
  7069 | D:6      | Bought a potion of curing for 30 gold pieces
  7069 | D:6      | Bought a potion of heal wounds for 50 gold pieces
  7109 | D:6      | Reached skill level 8 in Fighting
  7118 | D:6      | Reached **** piety under Trog
  7137 | D:6      | Noticed Edmund
  7171 | D:6      | Killed Edmund
  7478 | D:6      | Reached XP level 9. HP: 75/75 MP: 9/9
  7551 | D:6      | Noticed Prince Ribbit
  7558 | D:6      | Killed Prince Ribbit
  7558 | D:6      | Reached skill level 9 in Fighting
  8048 | D:6      | Found a sacrificial altar of Ru.
  8317 | D:7      | Reached ***** piety under Trog
  8564 | D:7      | Reached skill level 10 in Fighting
  8925 | D:7      | Found Puyt's Antique Weapon Emporium.
  8971 | D:7      | Bought a faintly glowing hunting sling for 208 gold pieces
  9127 | D:1      | Identified the +7 hunting sling "Imp's Undoing" {flame, Str+2} (You bought it in a shop on level 7 of the Dungeon)
  9801 | D:8      | Noticed a troll
  9813 | D:8      | Killed a troll
  9947 | D:8      | Noticed a troll
  9956 | D:8      | Killed a troll
  9956 | D:8      | Gained mutation: You sometimes gain a little power by taking damage. [demonic ancestry]
  9956 | D:8      | Reached XP level 10. HP: 86/86 MP: 10/10
 10062 | D:8      | Reached skill level 11 in Fighting
 10062 | D:8      | Reached skill level 1 in Slings
 10097 | D:8      | Noticed a three-headed hydra
 10105 | D:8      | Killed a one-headed hydra
 10868 | D:8      | Found a staircase to the Lair.
 10932 | D:9      | Noticed Feta's ghost (novice DgEE)
 10939 | D:9      | Killed Feta's ghost
 11206 | D:9      | Noticed Erolcha
 11215 | D:9      | Cast into level 1 of the Abyss (Erolcha)
 11281 | Abyss:1  | Noticed a spatial maelstrom
 11424 | Abyss:1  | Noticed a blizzard demon
 11437 | Abyss:1  | Killed a blizzard demon
 11454 | Abyss:1  | Noticed a tentacled starspawn
 11531 | Abyss:1  | Noticed a starcursed mass
 11537 | Abyss:1  | Reached skill level 12 in Fighting
 11537 | Abyss:1  | Gained mutation: A demonic guardian rushes to your aid. [demonic ancestry]
 11537 | Abyss:1  | Reached XP level 11. HP: 44/95 MP: 11/11
 11541 | Abyss:1  | Paralysed by accursed screaming for 1 turns
 11557 | Abyss:1  | Noticed a tentacled starspawn
 11561 | Abyss:1  | Killed a tentacled starspawn
 11561 | Abyss:1  | Reached skill level 5 in Slings
 11577 | Abyss:1  | Noticed a wretched star
 11700 | Abyss:1  | HP: 3/95 [raiju (9)]
 11707 | Abyss:1  | Demolished by a large abomination

Skill      XL: |  1  2  3  4  5  6  7  8  9 10 11 |
---------------+----------------------------------+-----
Armour         | 2 3 4 5 6 8 9 |  9.5
Fighting       | 4 5 6 8 10 12 | 12.1
Dodging        | 2 4 |  4.7
Slings         | 4 5 |  5.1
Long Blades    | |  2.8

Action                   |  1- 3 |  4- 6 |  7- 9 | 10-12 || total
-------------------------+-------+-------+-------+-------++-------
Melee: Falchion          |   112 |   332 |   405 |    62 ||   911
       Kick              |       |   120 |   111 |       ||   231
 Fire: Hunting sling     |       |       |    13 |   114 ||   127
Invok: Berserk           |     1 |     5 |    12 |     3 ||    21
       Brothers in Arms  |       |       |       |     1 ||     1
  Use: Scroll            |       |     2 |     7 |     4 ||    13
       Potion            |       |       |       |     2 ||     2
 Stab: Sleeping          |       |     1 |     5 |     1 ||     7
       Distracted        |       |       |     1 |     1 ||     2
  Eat: Chunk             |     3 |    13 |    24 |     3 ||    43
       Ration            |       |       |     2 |     1 ||     3
Armor: Animal skin       |     7 |       |       |       ||     7
       Ring mail         |    23 |    81 |       |       ||   104
       Troll leather arm |       |    20 |   127 |    41 ||   188
Dodge: Dodged            |    83 |   175 |   270 |    66 ||   594
       Rpst.: Falchion   |    26 |    49 |    87 |    11 ||   173
